 Dungeon Sprint DCSS version 0.30-a0-371-gad7725a93e (webtiles) character file.

Game seed: 12111482762221107671

11200000 garrulousMonolith the Axe Maniac (level 27, -50/249 HPs)
             Began as a Demonspawn Warper on Nov 21, 2022.
             Was the Champion of Makhleb.
             Killed from afar by an observer (68 damage)
             ... with a fireball
             ... in the Dungeon (Sprint VIII: "Arena of Blood").
             The game lasted 00:04:47 (112 turns).

garrulousMonolith the Axe Maniac (Demonspawn Warper) Turns: 112, Time: 00:04:48

Health: -50/249    AC: 10    Str: 13    XL:     27
Magic:  54/54      EV: 42    Int: 15    God:    Makhleb [******]
Gold:   0          SH:  0    Dex: 25    Spells: 80/80 levels left

rFire   . . .      SeeInvis +    j - +∞ Axe of Woe
rCold   . . .      Faith    .    (shield currently unavailable)
rNeg    . . .      Spirit   .    b - +0 leather armour
rPois   +          Reflect  .    (no helmet)
rElec   .          Harm     .    (no cloak)
rCorr   .          Rampage  .    (no gloves)
Will    ++...      NoTele   +    (boots unavailable)
Stlth   ++++++++++               (no amulet)
HPRegen 0.61/turn                k - ring of see invisible
MPRegen 0.34/turn                (no ring)

@: mighty, agile
A: hooves 3, slimy green scales 3, icemail 2, powered by pain 3, augmentation 3,
condensation shield
a: Renounce Religion, Minor Destruction, Lesser Servant of Makhleb, Major
Destruction, Greater Servant of Makhleb


You were in the Dungeon.
You worshipped Makhleb.
Makhleb was exalted by your worship.
You visited 1 branch

Inventory:

Hand Weapons
 a - a +0 hand axe
 j - the +∞ Axe of Woe (weapon)
   (You found it in the Dungeon)
Missiles
 d - 7 boomerangs of dispersal (quivered)
Armour
 b - a +0 leather armour (worn)
Jewellery
 k - a ring of see invisible (left hand)
Scrolls
 c - a scroll of blinking
Potions
 e - a potion of curing
 f - a potion of heal wounds
 g - a potion of haste
 h - 2 potions of magic
 i - a potion of berserk rage


   Skills:
 O Level 27 Fighting
 O Level 27 Axes
 O Level 27 Throwing
 O Level 27 Armour
 O Level 27 Dodging
 O Level 27 Stealth
 O Level 27 Shields
 O Level 27 Unarmed Combat
 O Level 27 Spellcasting
 O Level 27 Conjurations
 O Level 27 Hexes
 O Level 27 Summonings
 O Level 27 Necromancy
 O Level 27 Translocations
 + Level 26.9 Transmutations
 + Level 26.9 Fire Magic
 + Level 26.9 Ice Magic
 + Level 26.9 Air Magic
 + Level 26.9 Earth Magic
 O Level 27 Poison Magic
 O Level 27 Invocations
 O Level 27 Evocations


You had 80 spell levels left.
You didn't know any spells.
Your spell library contained the following spells:

 Spells                   Type           Power      Damage    Failure   Level
 Blink                    Tloc           100%       N/A       0%          2
 Lesser Beckoning         Tloc           100%       N/A       0%          3
 Teleport Other           Tloc           79%        N/A       0%          3
 Vhi's Electric Charge    Tloc/Air       100%       N/A       0%          3
 Manifold Assault         Tloc           79%        N/A       0%          4


Dungeon Overview and Level Annotations

Branches:
Dungeon (1/1)

Altars:
Makhleb


Innate Abilities, Weirdness & Mutations

You have hooves in place of feet.
You are completely covered in slimy green scales. (AC +4, rPois)
A meltable icy envelope protects you from harm. (AC +0)
You are powered by pain.
Your magical and physical power is greatly enhanced at high health.
A meltable shield of frost defends you. (SH +0)


Message History

You cleave the nine-headed meat hydra in twain.
You kill the nine-headed meat hydra!
Makhleb accepts your kill.
You feel better.
You hear a shout! x7
A meat berserker comes into view. It is wielding a +9 battleaxe.
You hear a shout!
The scourge breathes poison at you.
You hear a shout! x2
The observer gazes at you.
The fireball explodes!
The fireball engulfs the wretched soul!!!
The fireball engulfs you!!!
Your icy defenses dissipate!
* * * LOW HITPOINT WARNING * * *
The wretched soul hits you but does no damage.
You hear a shout!
The scourge throws poison sting at you. The poison arrow misses you.
You hear a shout!
You hear an angry hiss.
Items here: )))))))))))))))))))) ==================== ††††††††††.
You hit the wretched soul.
You slaughter the wretched soul joyfully.
You destroy the wretched soul!
Makhleb accepts your kill.
You feel better.
You hear a shout! x5; The tyrant shouts!
You hear a shout!
You have mastered Shields!
An eight-headed meat hydra comes into view.
You hear a shout! x4
The eight-headed meat hydra calls on the powers of darkness!
The eight-headed meat hydra convulses!
The scourge convulses!
The meat berserker convulses!
The observer convulses!
Your body is wracked with pain!
* * * LOW HITPOINT WARNING * * *
You hear a shout!
The scourge is poisoned.
The observer gazes at you.
The fireball explodes!
The fireball engulfs you!!!
You die...

################
......)))......####
......))○°○○......#
....##†##○#####....
........○○@☼○......
# ...G##°##M°......
.........W..○S.....
..S..SO.#.#...°...#
.L..............###
......W............
.L........D......
.................
...............oo


You could see an accursed, a tyrant, an eight-headed meat hydra, an observer
(fast, invisible), 2 scourges and a meat berserker (berserk).

Vanquished Creatures
  5 hell beasts (D)
  4 royal mummies (D)
  A great orb of eyes (D)
  7 vampire knights (D)
  21 ogres (D)
  3 two-headed ogres (D)
  3 liches (D)
  3 hydras (D)
  6 phantoms (D)
  39 orcs (D)
  3 skeletal warriors (D)
95 creatures vanquished.

Vanquished Creatures (collateral kills)
  An orc (D)
1 creature vanquished.

Grand Total: 96 creatures vanquished

Notes
Turn   | Place    | Note
-------+----------+-------------------------------------------
     0 | D        | Found the +∞ Axe of Woe
     0 | D        | garrulousMonolith the Demonspawn Warper began the quest for
                  | the Orb.
     0 | D        | Reached XP level 1. HP: 16/16 MP: 3/3
     2 | D        | Noticed a meat berserker
     4 | D        | Became a worshipper of Makhleb the Destroyer
     5 | D        | Noticed a bag of meat
     5 | D        | Noticed a bag of meat
     5 | D        | Noticed a bag of meat
     6 | D        | Noticed a bag of meat
     8 | D        | Killed a bag of meat
     8 | D        | Killed a meat berserker
     8 | D        | Reached * piety under Makhleb
     9 | D        | Reached skill level 27 in Axes
     9 | D        | Gained mutation: You sometimes gain a little power by
                  | taking damage. [demonic ancestry]
     9 | D        | Reached XP level 2. HP: 37/37 MP: 5/5
     9 | D        | Reached XP level 3. HP: 43/43 MP: 6/6
     9 | D        | Gained mutation: You are partially covered in slimy green
                  | scales. (AC +2) [demonic ancestry]
     9 | D        | Reached XP level 4. HP: 50/50 MP: 7/7
     9 | D        | Gained mutation: You have large cloven feet. [demonic
                  | ancestry]
     9 | D        | Reached XP level 5. HP: 55/55 MP: 8/8
     9 | D        | Gained mutation: You sometimes gain power by taking damage.
                  | [demonic ancestry]
     9 | D        | Reached XP level 6. HP: 62/62 MP: 9/9
     9 | D        | Reached XP level 7. HP: 68/68 MP: 10/10
     9 | D        | Gained mutation: A meltable shield of frost defends you.
                  | (SH +0) [demonic ancestry]
     9 | D        | Reached XP level 8. HP: 75/75 MP: 11/11
     9 | D        | Gained mutation: Your magical and physical power is
                  | slightly enhanced at high health. [demonic ancestry]
     9 | D        | Reached XP level 9. HP: 81/81 MP: 12/12
     9 | D        | Gained mutation: You are mostly covered in slimy green
                  | scales. (AC +3) [demonic ancestry]
     9 | D        | Reached XP level 10. HP: 87/87 MP: 13/13
     9 | D        | Reached XP level 11. HP: 93/93 MP: 14/14
     9 | D        | Gained mutation: Your magical and physical power is
                  | enhanced at high health. [demonic ancestry]
     9 | D        | Reached XP level 12. HP: 100/100 MP: 15/15
     9 | D        | Noticed a bag of meat
     9 | D        | Noticed a meat berserker
    10 | D        | Noticed a bag of meat
    10 | D        | Noticed a bag of meat
    10 | D        | Noticed a large bag of meat
    11 | D        | Killed a meat berserker
    11 | D        | Killed a bag of meat
    11 | D        | Noticed a meat berserker
    12 | D        | Reached XP level 13. HP: 133/133 MP: 16/16
    12 | D        | Killed a bag of meat
    12 | D        | Reached ** piety under Makhleb
    13 | D        | Gained mutation: You are completely covered in slimy green
                  | scales. (AC +4, rPois) [demonic ancestry]
    13 | D        | Reached XP level 14. HP: 146/146 MP: 17/17
    13 | D        | Noticed a bag of meat
    13 | D        | Noticed a bag of meat
    13 | D        | Noticed a bag of meat
    13 | D        | Noticed a large bag of meat
    14 | D        | Noticed a bag of meat
    14 | D        | Noticed a bag of meat
    14 | D        | Noticed a bag of meat
    14 | D        | Noticed a meat berserker
    14 | D        | Noticed a bag of meat
    14 | D        | Noticed a bag of meat
    15 | D        | Noticed a bag of meat
    15 | D        | Noticed a bag of meat
    15 | D        | Noticed a bag of meat
    15 | D        | Noticed a bag of meat
    15 | D        | Noticed a bag of meat
    15 | D        | Noticed a meat berserker
    16 | D        | Noticed a meat berserker
    16 | D        | Noticed a bag of meat
    17 | D        | Killed a bag of meat
    17 | D        | Noticed a bag of meat
    17 | D        | Noticed a bag of meat
    17 | D        | Noticed a meat berserker
    18 | D        | Killed a bag of meat
    18 | D        | Killed a bag of meat
    18 | D        | Reached *** piety under Makhleb
    19 | D        | Reached skill level 27 in Fighting
    19 | D        | Killed a bag of meat
    19 | D        | Killed a bag of meat
    19 | D        | Killed a meat berserker
    19 | D        | Reached **** piety under Makhleb
    20 | D        | Gained mutation: A meltable icy envelope protects you from
                  | harm. (AC +0) [demonic ancestry]
    20 | D        | Reached XP level 15. HP: 159/159 MP: 18/18
    22 | D        | Killed a meat berserker
    22 | D        | Reached ***** piety under Makhleb
    22 | D        | Noticed a destroyer
    22 | D        | Noticed a destroyer
    23 | D        | Reached skill level 27 in Dodging
    23 | D        | Gained mutation: You have hoof-like feet. [demonic
                  | ancestry]
    23 | D        | Reached XP level 16. HP: 167/167 MP: 19/19
    23 | D        | Killed a meat berserker
    23 | D        | Killed a large bag of meat
    24 | D        | Reached skill level 27 in Stealth
    24 | D        | Gained mutation: You are powered by pain. [demonic
                  | ancestry]
    24 | D        | Reached XP level 17. HP: 142/174 MP: 20/20
    24 | D        | Noticed a destroyer
    25 | D        | Killed a destroyer
    25 | D        | Reached ****** piety under Makhleb
    26 | D        | Killed a large bag of meat
    27 | D        | Reached XP level 18. HP: 124/182 MP: 21/21
    27 | D        | Killed a meat berserker
    27 | D        | Noticed a large bag of meat
    28 | D        | Killed a meat berserker
    28 | D        | Noticed a meat berserker
    29 | D        | Reached skill level 27 in Armour
    29 | D        | Killed a destroyer
    30 | D        | Reached skill level 27 in Invocations
    30 | D        | Reached XP level 19. HP: 180/189 MP: 21/36
    30 | D        | Noticed a meat berserker
    31 | D        | Noticed an eight-headed meat hydra
    32 | D        | Noticed a meat berserker
    33 | D        | Killed a destroyer
    33 | D        | Noticed a destroyer
    34 | D        | Reached skill level 15 in Spellcasting
    34 | D        | Reached skill level 15 in Translocations
    34 | D        | Killed a meat berserker
    38 | D        | Killed a meat berserker
    38 | D        | Killed a meat berserker
    39 | D        | Gained mutation: You have hooves in place of feet. [demonic
                  | ancestry]
    39 | D        | Reached XP level 20. HP: 197/197 MP: 23/46
    39 | D        | Killed a large bag of meat
    41 | D        | Noticed a meat berserker
    42 | D        | Killed a destroyer
    43 | D        | Reached skill level 27 in Spellcasting
    43 | D        | Reached skill level 27 in Translocations
    43 | D        | Reached skill level 5 in Throwing
    43 | D        | Reached skill level 5 in Unarmed Combat
    44 | D        | Noticed a meat berserker
    44 | D        | Noticed a meat berserker
    46 | D        | Noticed a destroyer
    47 | D        | Reached skill level 10 in Throwing
    47 | D        | Reached skill level 10 in Unarmed Combat
    47 | D        | Killed a meat berserker
    48 | D        | Reached skill level 15 in Throwing
    48 | D        | Reached skill level 15 in Unarmed Combat
    48 | D        | Noticed a destroyer
    48 | D        | Noticed a destroyer
    49 | D        | Noticed a meat berserker
    50 | D        | Killed a nine-headed meat hydra
    50 | D        | Killed a meat berserker
    51 | D        | Reached XP level 21. HP: 92/204 MP: 52/52
    51 | D        | Killed a destroyer
    54 | D        | Killed a destroyer
    54 | D        | Noticed an accursed
    55 | D        | Killed a destroyer
    57 | D        | Reached skill level 27 in Throwing
    57 | D        | Reached skill level 27 in Unarmed Combat
    57 | D        | Reached skill level 1 in Shields
    57 | D        | Reached skill level 1 in Conjurations
    57 | D        | Reached skill level 1 in Hexes
    57 | D        | Reached skill level 1 in Summonings
    57 | D        | Reached skill level 1 in Necromancy
    57 | D        | Reached skill level 1 in Transmutations
    57 | D        | Reached skill level 1 in Fire Magic
    57 | D        | Reached skill level 1 in Ice Magic
    57 | D        | Reached skill level 1 in Air Magic
    57 | D        | Reached skill level 1 in Earth Magic
    57 | D        | Reached skill level 1 in Poison Magic
    57 | D        | Reached skill level 1 in Evocations
    57 | D        | Gained mutation: A meltable icy envelope protects you from
                  | harm. (AC +0) [demonic ancestry]
    57 | D        | Reached XP level 22. HP: 212/212 MP: 53/53
    57 | D        | Noticed a tyrant
    57 | D        | Noticed an accursed
    57 | D        | Noticed a tyrant
    57 | D        | Noticed a tyrant
    57 | D        | Noticed an accursed
    58 | D        | Noticed an accursed
    59 | D        | Reached skill level 5 in Necromancy
    61 | D        | Killed an accursed
    63 | D        | Reached skill level 10 in Necromancy
    65 | D        | Reached skill level 10 in Summonings
    65 | D        | Reached skill level 10 in Poison Magic
    66 | D        | Reached skill level 10 in Shields
    66 | D        | Reached skill level 10 in Conjurations
    66 | D        | Reached skill level 10 in Hexes
    66 | D        | Reached skill level 10 in Transmutations
    66 | D        | Reached skill level 10 in Fire Magic
    66 | D        | Reached skill level 10 in Ice Magic
    66 | D        | Reached skill level 10 in Air Magic
    66 | D        | Reached skill level 10 in Earth Magic
    66 | D        | Reached skill level 10 in Evocations
    67 | D        | Noticed a meat beast
    68 | D        | Killed an accursed
    69 | D        | Reached XP level 23. HP: 219/219 MP: 54/54
    69 | D        | Killed a meat beast
    70 | D        | Reached skill level 15 in Shields
    70 | D        | Reached skill level 15 in Transmutations
    70 | D        | Reached skill level 15 in Fire Magic
    70 | D        | Reached skill level 15 in Ice Magic
    70 | D        | Reached skill level 15 in Air Magic
    70 | D        | Reached skill level 15 in Earth Magic
    72 | D        | Reached XP level 24. HP: 201/227 MP: 54/54
    73 | D        | Killed a tyrant
    73 | D        | Noticed a meat beast
    74 | D        | Killed a tyrant
    75 | D        | Killed a tyrant
    76 | D        | Killed an accursed
    77 | D        | Killed a meat beast
    77 | D        | Noticed a meat beast
    78 | D        | Reached XP level 25. HP: 234/234 MP: 54/54
    78 | D        | Killed an accursed
    80 | D        | Noticed a meat beast
    81 | D        | Killed a meat beast
    82 | D        | Gained mutation: Your magical and physical power is greatly
                  | enhanced at high health. [demonic ancestry]
    82 | D        | Reached XP level 26. HP: 122/242 MP: 54/54
    84 | D        | Killed a meat beast
    87 | D        | Noticed a meat beast
    88 | D        | Reached skill level 27 in Necromancy
    91 | D        | Killed a meat beast
    92 | D        | Reached XP level 27. HP: 249/249 MP: 54/54
    94 | D        | Reached skill level 27 in Conjurations
    94 | D        | Reached skill level 27 in Hexes
    94 | D        | Reached skill level 27 in Summonings
    94 | D        | Reached skill level 27 in Evocations
    98 | D        | Reached skill level 27 in Poison Magic
   108 | D        | Noticed a tyrant
   108 | D        | Noticed an accursed
   110 | D        | HP: 3/249 [observer/fireball (55)]
   112 | D        | Reached skill level 27 in Shields
   112 | D        | Killed from afar by an observer

Illustrated notes

Levels and vault maps discovered:
D:        meatsprint

Skill      XL: |  1  2  3  4  5  6  7  8  9 10 11 12 13 14 15 16 17 18 19 20 21 22 23 24 25 26 27 |
---------------+----------------------------------------------------------------------------------+-----
Axes           | 27 | 27.0
Fighting       | 11 22 24 27 | 27.0
Dodging        | 22 27 | 27.0
Stealth        | 18 27 | 27.0
Armour         | 8 23 27 | 27.0
Invocations    | 27 | 27.0
Spellcasting   | 9 22 27 | 27.0
Translocations | 9 23 27 | 27.0
Throwing       | 16 27 | 27.0
Unarmed Combat | 16 27 | 27.0
Shields        | 1 12 15 19 21 24 27 | 27.0
Conjurations   | 1 13 16 21 23 26 27 | 27.0
Hexes          | 1 13 16 21 23 26 27 | 27.0
Summonings     | 1 13 16 21 23 26 27 | 27.0
Necromancy     | 1 14 18 23 25 27 | 27.0
Transmutations | 1 12 15 19 21 24 26 | 26.9
Fire Magic     | 1 12 15 19 21 24 26 | 26.9
Ice Magic      | 1 12 15 19 21 24 26 | 26.9
Air Magic      | 1 12 15 19 21 24 26 | 26.9
Earth Magic    | 1 12 15 19 21 24 26 | 26.9
Poison Magic   | 1 13 16 21 23 26 27 | 27.0
Evocations     | 1 13 16 21 23 26 27 | 27.0

Action                   |  1- 3 |  4- 6 |  7- 9 | 10-12 | 13-15 | 16-18 | 19-21 | 22-24 | 25-27 || total
-------------------------+-------+-------+-------+-------+-------+-------+-------+-------+-------++-------
Melee: Executioner's axe |     1 |       |       |     1 |     6 |     6 |    15 |    15 |    19 ||    63
Invok: Greater Servant o |       |       |       |       |       |       |       |       |     1 ||     1
  Use: Scroll            |       |       |       |       |     1 |       |       |       |       ||     1
 Stab: Distracted        |       |       |       |       |       |       |       |       |     2 ||     2
Armor: Leather armour    |       |       |       |       |       |       |     1 |       |     6 ||     7
Dodge: Dodged            |       |       |       |       |       |     1 |     7 |     3 |     6 ||    17
Block: Other             |       |       |       |       |       |       |       |       |     3 ||     3

Table legend: (Time is in decaauts)
 A = Elapsed time spent in this place.
 B = Non-inter-level travel time spent in this place.
 C = Inter-level travel time spent in this place.
 D = Time resting spent in this place.
 E = Time spent auto-exploring this place.
 F = Levels seen in this place.
 G = Mean time per level.
                   A        B        C        D        E       F      G
               +--------+--------+--------+--------+--------+-----+--------+
         Total |    100 |    100 |      0 |      0 |      0 |   1 |  100.0 |
       Dungeon |    100 |    100 |      0 |      0 |      0 |   1 |  100.0 |
               +--------+--------+--------+--------+--------+-----+--------+

Top non-repeatable levels by time:
       D: 100 daAuts
